 Dungeon Crawl Stone Soup version 0.30.0-13-g156ef70053 (webtiles) character file.

Game seed: 4141672612894606419

46 monsoonserge the Vexing (level 4, -1/36 HPs)
             Began as a Meteoran Hexslinger on May 17, 2023.
             Slain by an orc wizard
             ... wielding a +0 dagger of venom
              (3 damage)
             ... on level 3 of the Dungeon.
             The game lasted 00:05:42 (581 turns).

monsoonserge the Vexing (Meteoran Hexslinger)        Turns: 581, Time: 00:05:43

Health: -1/36      AC:  2    Str: 11    XL:     4   Next: 13%
Magic:  7/7        EV: 13    Int: 15    God:
Gold:   9          SH:  0    Dex: 16    Spells: 0/5 levels left

rFire   . . .        a - +1 sling
rCold   . . .        (no shield)
rNeg    . . .        c - +0 robe
rPois   .            (no helmet)
rElec   .            (no cloak)
rCorr   .            (no gloves)
SInv    .            (no boots)
Will    .....        (no amulet)
Stlth   +            (no ring)
HPRegen 0.26/turn    (no ring)
MPRegen 0.10/turn

%: no passive effects
@: lethally poisoned (-1 -> -14), glowing
A: sense surroundings 1, otherworldly, glowing, explore regen
a: no special abilities


You were on level 3 of the Dungeon.
You visited 1 branch of the dungeon, and saw 3 of its levels.

You collected 9 gold pieces.

Inventory:

Hand Weapons
 a - a +1 sling (weapon)
Armour
 c - a +0 robe (worn)
Scrolls
 b - a scroll of poison
 d - a scroll of noise {unknown}
 g - 2 scrolls of enchant weapon {unknown}
 h - 3 scrolls of immolation {unknown}
 i - a scroll of teleportation {unknown}
 j - a scroll of fear {unknown}
 k - a scroll of fog {unknown}
 m - a scroll of brand weapon {unknown}
 o - a scroll of identify {unknown}
Potions
 e - 2 potions of degeneration {unknown}
 f - a potion of heal wounds {unknown}
 l - a potion of flight {unknown}
 n - a potion of attraction {unknown}
 p - a potion of magic {unknown}


   Skills:
 + Level 2.0 Fighting
 + Level 3.3 Ranged Weapons
 + Level 2.6 Dodging
 + Level 1.3 Spellcasting
 * Level 4.0 Hexes


You couldn't memorise any spells.
You knew the following spells:

 Your Spells              Type           Power      Damage    Failure   Level
a - Slow                  Hex            52%        N/A       4%          1
b - Cause Fear            Hex            6%         N/A       41%         4

Your spell library contained the following spells:

 Spells                   Type           Power      Damage    Failure   Level
 Confusing Touch          Hex            13%        N/A       14%         3
 Inner Flame              Hex/Fire       7%         N/A       30%         3
 Portal Projectile        Hex/Tloc       14%        N/A       30%         3
 Vampiric Draining        Necr           1%         2d6       56%         3


Dungeon Overview and Level Annotations

Branches:
Dungeon (3/15) Zot: 1190

Altars:


Innate Abilities, Weirdness & Mutations

You passively map a small area around you.
You are easily found by Zot.
You glow in the dark.
You regain HP and MP as you explore.


Message History

The orc wizard points at you and mumbles some strange words.
The magic dart hits you.
Fire: a) +1 sling
Press: ? - help, Q - select action, (/) - cycle Shift-Dir - straight line, f/p - orc wizard
Aim: an orc wizard, wielding a +0 dagger of venom and wearing a +0 robe (moderately wounded, 53% to hit)
You shoot a sling bullet.
The sling bullet closely misses the orc wizard.
The sling bullet hits the endoplasm.
The endoplasm is moderately wounded.
You shoot a sling bullet. The sling bullet hits the orc wizard!
The orc wizard is almost dead.
The orc wizard hits you with a +0 dagger of venom.
You are poisoned.
Unknown command.
You shoot a sling bullet.
The sling bullet barely misses the orc wizard.
The sling bullet hits the endoplasm.
You kill the endoplasm!
You feel very sick.
The orc wizard hits you with a +0 dagger of venom.
You are more poisoned.
You shoot a sling bullet.
The sling bullet closely misses the orc wizard.
You feel very sick.
The orc wizard hits you with a +0 dagger of venom.
You are lethally poisoned!
The orc wizard casts a spell.
The orc wizard flickers and vanishes!
Deactivating autopickup; reactivate with Ctrl-A.
You shoot a sling bullet.
* * * LOW HITPOINT WARNING * * *
You feel very sick. Something hits you.
* * * LOW HITPOINT WARNING * * *
Unknown command.
You shoot a sling bullet.
* * * LOW HITPOINT WARNING * * *
You feel very sick. Something hits you.
You die...

#.. #.# * *
#.# , , #<#
## * , #.#
.. ,, #.# .#
#.# .# , * ,
#.###.####..
#...@{..)...
**
####..####.#
#.## #.# *
#># * * #.#
* #.# * ,
#.# * ,


There were no monsters in sight!

Vanquished Creatures
  2 adders (D:2)
  A dart slug (D:2)
  2 orcs (D:3)
  A bat (D:1)
  4 endoplasms
  2 hobgoblins
  3 quokkas (D:1)
  3 frilled lizards
  A goblin (D:1)
  3 kobolds (D:1)
  2 rats
24 creatures vanquished.

Notes
Turn   | Place    | Note
-------+----------+-------------------------------------------
     0 | D:1      | monsoonserge the Meteoran Hexslinger began the quest for
                  | the Orb.
     0 | D:1      | Reached XP level 1. HP: 16/16 MP: 3/3
   132 | D:1      | Reached XP level 2. HP: 23/23 MP: 5/5
   361 | D:2      | Reached XP level 3. HP: 29/29 MP: 6/6
   448 | D:2      | Reached XP level 4. HP: 14/36 MP: 7/7
   453 | D:2      | Learned a level 4 spell: Cause Fear
   566 | D:3      | Reached skill level 4 in Hexes
   581 | D:3      | Slain by an orc wizard

Illustrated notes

Levels and vault maps discovered:
D:1:      giann_wishing_wells, layout_basic, minmay_distorted
D:2:      layout_basic, serial_rivers, chequers_serial_rivers_micro_d,
          chequers_serial_rivers_micro_c, chequers_serial_rivers_room_a,
          chequers_serial_rivers_small_a,
          hellmonk_ecumenical_altar_inner_sanctum, nicolae_figureground_pulse
D:3:      layout_loops_ring, nicolae_yredelemnul_corpse_copse

Skill      XL: |  1  2  3  4 |
---------------+-------------+-----
Fighting       | 2 |  2.0
Ranged Weapons | 3 |  3.3
Hexes          | 4 |  4.0
Dodging        | |  2.6
Spellcasting   | |  1.3

Action                     |  1- 3 |  4- 6 || total
---------------------------+-------+-------++-------
   Fire: Sling             |    84 |    17 ||   101
   Cast: Slow              |     1 |       ||     1
 Armour: Robe              |     9 |       ||     9
  Dodge: Dodged            |    26 |       ||    26
